 Dungeon Crawl Stone Soup version 0.22.0-38-g04b72b8c25 (webtiles) character file.

663 Esekla the Conjurer (level 7, 0/36 HPs)
             Began as a Vine Stalker Conjurer on Aug 26, 2018.
             Was an Initiate of Vehumet.
             Slain by Dowan
             ... wielding a +2 dagger of draining
              (2 damage)
             ... on level 6 of the Dungeon.
             The game lasted 00:39:39 (4079 turns).

Esekla the Conjurer (Vine Stalker Conjurer)         Turns: 4079, Time: 00:39:39

Health: 0/36       AC:  2    Str: 10    XL:     7   Next: 56%
Magic:  0/12       EV: 11    Int: 17    God:    Vehumet [......]
Gold:   311        SH:  0    Dex: 15    Spells: 6/12 levels left

rFire    . . .     SeeInvis +   d - +0 dagger
rCold    . . .     Gourm    .   (no shield)
rNeg     . . .     Faith    .   a - +0 robe
rPois    .         Spirit   +   (no helmet)
rElec    .         Reflect  .   v - scarf {repulsion}
rCorr    .         Harm     .   (no gloves)
MR       .....                  (no boots)
Stlth    ++........             (no amulet)
HPRegen  0.52/turn              o - ring of see invisible
MPRegen  0.13/turn              (no ring)

@: very slightly contaminated, heavily drained, repel missiles
A: fangs 2, regeneration 1, magic shield, antimagic bite, no potion heal 3, rot
immunity
a: Renounce Religion


You were on level 6 of the Dungeon.
You worshipped Vehumet.
Vehumet was noncommittal.
You were not hungry.

You visited 2 branches of the dungeon, and saw 7 of its levels.

You collected 311 gold pieces.

Inventory:

Hand Weapons
 d - a +0 dagger (weapon)
Missiles
 s - a throwing net
 u - 4 tomahawks (quivered)
 w - 4 javelins
Armour
 a - a +0 robe (worn)
 v - a scarf of repulsion (worn)
Jewellery
 e - an uncursed ring of poison resistance {unknown}
 o - a ring of see invisible (left hand)
Scrolls
 f - a scroll of fog {unknown}
 q - a scroll of immolation {unknown}
 r - 2 scrolls of enchant armour {unknown}
 x - a scroll of blinking {unknown}
Potions
 g - a potion of haste {unknown}
 h - a potion of flight {unknown}
 i - 3 potions of lignification
 j - a potion of berserk rage {unknown}
 k - a potion of brilliance {unknown}
 m - a potion of heal wounds {unknown}
 n - 2 potions of curing {unknown}
 p - 2 potions of might {unknown}
 t - a potion of resistance {unknown}
Comestibles
 c - 2 rations


   Skills:
 + Level 3.0(0.5) Fighting
 + Level 3.1(0.6) Short Blades
 - Level 1.5(0.0) Dodging
 + Level 4.9(2.3) Stealth
 + Level 3.2(0.7) Spellcasting
 + Level 5.1(2.4) Conjurations
 * Level 2.6(0.1) Hexes


You had 6 spell levels left.
You knew the following spells:

 Your Spells              Type           Power        Failure   Level  Hunger
a - Magic Dart            Conj           #...         9%          1    ##.....
b - Searing Ray           Conj           #.....       12%         2    ###....
c - Dazzling Spray        Conj/Hex       #.....       36%         3    ####...

Your spell library contained the following spells:

 Spells                   Type           Power        Failure   Level  Hunger
 Iskenderun's Mystic Bla  Conj           #.......     63%         4    #####..
 Fulminant Prism          Conj/Hex       #.........   77%         4    #####..
 Force Lance              Conj/Tloc      #.......     78%         4    #####..


Dungeon Overview and Level Annotations

Branches:
Dungeon (6/15)             Temple (1/1) D:5

Altars:
Cheibriados
Fedhas
Gozag
Hepliaklqana
Kikubaaqudgha
Makhleb
Nemelex Xobeh
Okawaru
Qazlal
Ru
Sif Muna
Trog
Uskayaw
Vehumet
Wu Jian
Xom
Yredelemnul
The Shining One

Portals:
Sewer: D:6

Annotations:
D:6 Dowan, Duvessa


Innate Abilities, Weirdness & Mutations

You have extremely sharp teeth.
Your natural rate of healing is unusually fast.
When hurt, damage is shared between your health and your magic reserves.
Your bite disrupts and absorbs the magic of your enemies.
Potions cannot restore your health.
You are immune to rotting.


Message History

Dowan is almost dead.
Dowan falters for a moment.
Casting: Searing Ray (safe; 11% risk of failure)
Confirm with . or Enter, or press ? or * to list all spells.
Aiming: Searing Ray (safe; 11% risk of failure)
Press: ? - help, Shift-Dir - straight line, f/p - Dowan
Aim: Dowan, wielding a dagger of draining and wearing a glowing robe (almost dead)
The searing ray hits Dowan.
Dowan is almost dead. (Press . to maintain the ray.) Dowan hits you with a dagger of draining.
* * * LOW HITPOINT WARNING * * *
You feel drained.
Without enough magic to sustain it, your searing ray dissipates.
Dowan says, "Magic and the sword, together, will defeat you."
Dowan falters for a moment.
You hit Dowan but do no damage.
Dowan is almost dead.
Dowan hits you with a dagger of draining.
You die...

###############**** **####
#..@e..........,,,*
,,,..#########.#####.##r###***,*
***#..............##.##.######.**
#.##****#...................,,
#..# #.#.##.##.##r.......,,
#..######.#.##.##.##....r...,,
####.........#.##.##.##r...≈≈≈.,,
.....#########.........$..≈≈≈≈≈,,
#.#### #.........e..≈≈∩≈≈,,


You could see Dowan and a rat (wandering).

Vanquished Creatures
  Menkaure (D:6)
  An ogre (D:4)
  A scorpion (D:5)
  A howler monkey (D:5)
  A bullfrog zombie (D:5)
  A crimson imp (D:4)
  2 bullfrog skeletons
  A centaur skeleton (D:4)
  4 worker ants (D:4)
  6 adders
  An ooze (D:2)
  A worm (D:2)
  2 leopard geckos
  4 orcs
  3 giant cockroaches
  5 goblins
  7 hobgoblins
  6 kobolds
  4 quokkas
  A ball python (D:6)
  5 bats
  8 frilled lizards
  9 rats
75 creatures vanquished.

Notes
Turn   | Place    | Note
-------+----------+-------------------------------------------
     0 | D:1      | Esekla the Vine Stalker Conjurer began the quest for the Orb.
     0 | D:1      | Reached XP level 1. HP: 9/9 MP: 4/4
    64 | D:1      | Reached skill level 1 in Fighting
   148 | D:1      | Reached XP level 2. HP: 14/14 MP: 4/6
   154 | D:1      | Learned a level 2 spell: Searing Ray
   274 | D:1      | Reached skill level 1 in Short Blades
   549 | D:2      | Reached XP level 3. HP: 17/18 MP: 2/7
  1047 | D:2      | Gained mutation: Your natural rate of healing is unusually fast. [Vine Stalker growth]
  1047 | D:2      | Reached XP level 4. HP: 23/23 MP: 5/8
  1520 | D:3      | Learned a level 3 spell: Dazzling Spray
  1551 | D:3      | Found a bloodstained altar of Trog.
  2111 | D:4      | Found a blossoming altar of Fedhas.
  2283 | D:3      | Found a basalt altar of Yredelemnul.
  2455 | D:4      | Reached XP level 5. HP: 19/26 MP: 2/9
  2526 | D:5      | Entered Level 5 of the Dungeon
  2534 | D:5      | Found an ancient bone altar of Kikubaaqudgha.
  2536 | D:5      | Found a sparkling altar of Nemelex Xobeh.
  2543 | D:5      | Found a shimmering altar of Xom.
  2694 | D:5      | Reached skill level 1 in Hexes
  2749 | D:5      | Found a staircase to the Ecumenical Temple.
  2805 | D:5      | Reached XP level 6. HP: 27/31 MP: 6/10
  2892 | D:5      | Noticed a phantom
  2994 | Temple   | Entered the Ecumenical Temple
  3025 | Temple   | Became a worshipper of Vehumet
  3734 | D:4      | Noticed a slave
  3785 | D:4      | Reached XP level 7. HP: 35/35 MP: 5/12
  3921 | D:5      | Reached skill level 5 in Conjurations
  4010 | D:6      | Noticed Menkaure
  4013 | D:6      | Killed Menkaure
  4041 | D:6      | Noticed Dowan
  4043 | D:6      | Noticed Duvessa
  4043 | D:6      | Found a glowing drain.
  4074 | D:6      | HP: 1/36 [Dowan/dagger of draining (3)]
  4079 | D:6      | Slain by Dowan

Skill      XL: |  1  2  3  4  5  6  7 |
---------------+----------------------+-----
Fighting       | 1 2 3 |  3.0
Short Blades   | 1 2 3 |  3.1
Stealth        | 3 4 |  4.9
Hexes          | 1 2 |  2.6
Spellcasting   | 3 |  3.2
Conjurations   | 5 |  5.1
Dodging        | |  1.5

Action                   |  1- 3 |  4- 6 |  7- 9 || total
-------------------------+-------+-------+-------++-------
Melee: Dagger            |    29 |   103 |    22 ||   154
       Bite              |     5 |    26 |     6 ||    37
Throw: Tomahawk          |       |     4 |       ||     4
 Cast: Magic Dart        |    20 |    51 |     2 ||    73
       Searing Ray       |     7 |    13 |     5 ||    25
  Use: Scroll            |       |     5 |     1 ||     6
 Stab: Sleeping          |     3 |     7 |     1 ||    11
  Eat: Ration            |     1 |     2 |     1 ||     4
Armor: Robe              |     4 |    26 |     1 ||    31
Dodge: Dodged            |    17 |    64 |     7 ||    88
